[Event "Titled Tuesday Blitz April 18 Early 2023"]
[White "Postnikov, Daniil"]
[Black "Fajdetic, Hrvoje"]
[WhiteFideId "4166329"]
[BlackFideId "14501945"]
[WhiteElo "2261"]
[BlackElo "2185"]
[Result "1-0"]
[Round "03"]
[TimeControl "180+2"]
[Date "2023.04.18"]
[WhiteClock "0:01:23"]
[BlackClock "0:00:06"]

1. e4 e6 2. d4 d5 3. e5 c5 4. c3 Nc6 5. Nf3 Bd7 6. Bd3 cxd4 7. O-O Qb6 8. Nbd2 dxc3 9. bxc3 f6 10. Re1 fxe5 11. Nxe5 Nxe5 12. Rxe5 Nf6 13. Rg5 Bc5 14. Rxg7 Bxf2+ 15. Kh1 O-O-O 16. Rb1 Qc7 17. Qe2 Bb6 18. Nf3 Rhg8 19. Rxg8 Rxg8 20. Be3 Bxe3 21. Qxe3 a6 22. Qa7 Bc6 23. Nd4 Ng4 24. g3 Nf2+ 25. Kg2 Nxd3 26. Nxc6 Nf4+ 27. Kf3 Qxc6 28. Qa8+ Kc7 29. Qxg8 Nd3 30. Qxh7+ Kd6 31. Qxd3 e5 32. Qg6+ Kc5 33. Qxc6+ bxc6 34. h4 1-0


[Site "https://www.chess.com"]

[Event "Titled Tuesday Blitz April 18 Early 2023"]
[White "Shohat, Yotam"]
[Black "ilya2700"]
[WhiteFideId "2813955"]
[WhiteElo "2226"]
[BlackElo "2292"]
[Result "1-0"]
[Round "03"]
[TimeControl "180+2"]
[Date "2023.04.18"]
[WhiteClock "0:00:03"]
[BlackClock "0:00:08"]

1. e4 c5 2. Nf3 e6 3. d4 cxd4 4. Nxd4 Nf6 5. Nc3 Nc6 6. Nxc6 bxc6 7. e5 Nd5 8. Ne4 Qc7 9. f4 Qb6 10. c4 Ne3 11. Qd3 Bb4+ 12. Bd2 O-O 13. Rc1 f5 14. Nd6 Nxf1 15. Rxf1 Bxd6 16. Qxd6 Qxb2 17. Rf3 Qb6 18. Bb4 Qg1+ 19. Ke2 Qxg2+ 20. Ke3 c5 21. Bxc5 Bb7 22. Rg3 Qe4+ 23. Kd2 Qxf4+ 24. Be3 Qh4 25. Rcg1 g6 26. Bg5 Qxc4 27. Bf6 Rac8 28. Rxg6+ hxg6 29. Rxg6+ Kh7 30. Qe7+ Kxg6 31. Qg7+ Kh5 32. Qg5# 1-0


[Site "https://www.chess.com"]

[Event "Titled Tuesday Blitz April 18 Early 2023"]
[White "Gheorghiu, Calin"]
[Black "Taboas Rodriguez, Daniel"]
[WhiteFideId "1200305"]
[BlackFideId "2208466"]
[WhiteElo "2223"]
[BlackElo "2365"]
[Result "0-1"]
[Round "03"]
[TimeControl "180+2"]
[Date "2023.04.18"]
[WhiteClock "0:00:01"]
[BlackClock "0:01:00"]

1. d4 Nf6 2. Nf3 g6 3. Nc3 d5 4. Bf4 Bg7 5. Nb5 Na6 6. e3 c6 7. Nc3 Nc7 8. h3 Bf5 9. a4 Ne4 10. Nxe4 Bxe4 11. Nd2 Bf5 12. Be2 O-O 13. O-O Re8 14. Nf3 Be4 15. a5 Bxf3 16. Bxf3 e5 17. dxe5 Bxe5 18. Bxe5 Rxe5 19. Qd4 Qe7 20. c4 dxc4 21. Qxc4 Qc5 22. Qxc5 Rxc5 23. Rfd1 Rb5 24. Rd7 Na6 25. Rd2 Nc5 26. a6 Nxa6 27. Bxc6 bxc6 28. Rxa6 Rb6 29. Ra5 Rb5 30. Ra6 Rb6 31. Ra5 a6 32. Rc2 Rab8 33. g3 f5 34. h4 Kf7 35. Kg2 Ke6 36. Rc3 Kd6 37. Rca3 Ra8 38. h5 Rxb2 39. Rxa6 Rxa6 40. Rxa6 Rb7 41. Ra8 c5 42. hxg6 hxg6 43. Ra6+ Kd5 44. Rxg6 c4 45. Ra6 c3 46. Ra1 Kc4 47. Kf3 Kd3 48. Kf4 c2 49. Kxf5 Rb1 50. Ra3+ Kc4 51. Ra8 Rb5+ 52. Ke4 c1=Q 53. Rc8+ Rc5 0-1


[Site "https://www.chess.com"]

[Event "Titled Tuesday Blitz April 18 Early 2023"]
[White "Prudnykova, Olga"]
[Black "Ordekalog"]
[WhiteFideId "14121093"]
[WhiteElo "2113"]
[BlackElo "2534"]
[Result "1/2-1/2"]
[Round "03"]
[TimeControl "180+2"]
[Date "2023.04.18"]
[WhiteClock "0:00:20"]
[BlackClock "0:00:17"]

1. e4 d5 2. exd5 Qxd5 3. Nc3 Qa5 4. Bc4 Nf6 5. Nge2 c6 6. O-O b5 7. Bb3 Qc7 8. d3 Bg4 9. Bf4 e5 10. Bg5 Be7 11. h3 Bh5 12. Qe1 O-O 13. Ng3 Bg6 14. Nce4 Nd5 15. Bxe7 Qxe7 16. Bxd5 cxd5 17. Nc3 Qe6 18. Nxb5 Qc6 19. a4 Nd7 20. Qd2 a6 21. Na3 f5 22. f4 Qb6+ 23. Kh2 Qxb2 24. fxe5 Qxe5 25. Qf4 Qf6 26. c4 dxc4 27. Nxc4 Rad8 28. Rab1 h6 29. a5 Nc5 30. Rb6 Ne6 31. Qe5 f4 32. Ne4 Qxe5 33. Nxe5 Bxe4 34. dxe4 Nc5 35. Ng6 Rf6 36. e5 Rxb6 37. axb6 Rb8 38. Rb1 Ne6 39. Ne7+ Kf8 40. Nc6 Rb7 41. Na5 Rb8 42. b7 Nd8 43. Rc1 Nxb7 44. Rb1 Re8 45. Nxb7 Rxe5 46. Nd6 g5 47. Rb7 1/2-1/2


[Site "https://www.chess.com"]

[Event "Titled Tuesday Blitz April 18 Early 2023"]
[White "Jiganchine, Roman"]
[Black "Richter, Paul"]
[WhiteFideId "2603667"]
[BlackFideId "2046350"]
[WhiteElo "2281"]
[BlackElo "2530"]
[Result "0-1"]
[Round "03"]
[TimeControl "180+2"]
[Date "2023.04.18"]
[WhiteClock "0:00:07"]
[BlackClock "0:00:08"]

1. e4 c5 2. Nf3 d6 3. Bb5+ Nc6 4. O-O Bd7 5. Re1 Nf6 6. c3 a6 7. Bf1 Bg4 8. Na3 g6 9. Nc2 Bg7 10. Ne3 Bxf3 11. Qxf3 O-O 12. Nd5 b5 13. a4 b4 14. d3 bxc3 15. Nxc3 Nd4 16. Qd1 Rb8 17. Ra2 Nd7 18. a5 Ne5 19. Nd5 e6 20. Nb6 Qc7 21. Bf4 Nec6 22. Nc4 Be5 23. Bh6 Rfd8 24. f4 Bg7 25. Bxg7 Kxg7 26. e5 d5 27. Nd6 Nxa5 28. g4 Ra8 29. Bh3 Nac6 30. b4 Nxb4 31. Rf2 Rxd6 32. exd6 Qxd6 33. f5 e5 34. f6+ Kh8 35. Qc1 a5 36. Bg2 Nxd3 37. Qh6 Rg8 38. Re3 Nf4 39. Rxf4 Ne2+ 40. Kh1 Nxf4 41. Rf3 Qf8 42. Qg5 Qb8 43. Qh6 Qd6 44. Bf1 Qxf6 45. g5 Qg7 46. Qh4 a4 0-1


[Site "https://www.chess.com"]

[Event "Titled Tuesday Blitz April 18 Early 2023"]
[White "Tomaszewski, Kacper"]
[Black "Barwinska, Ewa"]
[WhiteFideId "1127373"]
[BlackFideId "21833761"]
[WhiteElo "2211"]
[BlackElo "1908"]
[Result "1-0"]
[Round "03"]
[TimeControl "180+2"]
[Date "2023.04.18"]
[WhiteClock "0:00:25"]
[BlackClock "0:00:08"]

1. c4 c5 2. Nf3 Nc6 3. g3 g6 4. Bg2 Bg7 5. O-O Nh6 6. Nc3 Nf5 7. a3 O-O 8. Rb1 a5 9. e3 e6 10. d3 d5 11. cxd5 exd5 12. Na4 b6 13. Qb3 Rb8 14. Bd2 Be6 15. Qc2 d4 16. e4 Nd6 17. Ng5 Bd7 18. b4 axb4 19. axb4 Nxb4 20. Rxb4 cxb4 21. f4 Rc8 22. Qb3 h6 23. Nf3 Be6 24. Qxb4 b5 25. Nc5 Qb6 26. Nxe6 fxe6 27. Bh3 Rfe8 28. Nh4 Kh7 29. Qb3 Nb7 30. f5 exf5 31. exf5 g5 32. f6 Bxf6 33. Qf7+ Bg7 34. Bf5+ Kh8 35. Ng6+ Qxg6 36. Qxg6 Rf8 37. Qh7# 1-0


[Site "https://www.chess.com"]

[Event "Titled Tuesday Blitz April 18 Early 2023"]
[White "Aggelis, Nikolaos"]
[Black "Blokhin, Sofia"]
[WhiteFideId "4213220"]
[BlackFideId "4508190"]
[WhiteElo "2189"]
[BlackElo "1994"]
[Result "1-0"]
[Round "03"]
[TimeControl "180+2"]
[Date "2023.04.18"]
[WhiteClock "0:00:42"]
[BlackClock "0:00:12"]

1. c4 c5 2. Nc3 Nf6 3. g3 d5 4. cxd5 Nxd5 5. Bg2 Nc7 6. Nf3 Nc6 7. O-O e5 8. d3 Be7 9. Be3 O-O 10. Rc1 Be6 11. Ne4 b6 12. a3 f6 13. b4 Nd5 14. bxc5 Nxe3 15. fxe3 f5 16. Neg5 Bd5 17. e4 Bxg5 18. exd5 Bxc1 19. dxc6 Be3+ 20. Kh1 e4 21. Ne5 Bxc5 22. Qb3+ Kh8 23. Nf7+ Rxf7 24. Qxf7 Qe8 25. Qxe8+ Rxe8 26. dxe4 fxe4 27. Bh3 Bd6 28. Rf7 Kg8 29. Rd7 Be5 30. c7 Kf8 31. a4 a6 32. Kg2 b5 33. axb5 axb5 34. Bf5 b4 35. Bxh7 b3 36. Bg6 b2 37. Bxe8 Bxc7 38. Rd1 Kxe8 39. Kf2 Bb6+ 40. e3 Ba5 41. Ke2 Bc3 42. Rb1 Kd7 43. Kd1 Ke6 44. Kc2 Be5 45. Rxb2 Bxb2 46. Kxb2 Kf5 47. h3 g5 48. Kc3 g4 49. h4 Ke5 50. Kc4 Ke6 51. Kd4 Kf5 52. Kd5 Kg6 53. Kxe4 Kh5 54. Kf5 Kh6 55. Kxg4 1-0


[Site "https://www.chess.com"]

[Event "Titled Tuesday Blitz April 18 Early 2023"]
[White "Nugumanov, Bakhtiyar"]
[Black "Milchev, Nikolay"]
[WhiteFideId "13701797"]
[BlackFideId "2906090"]
[WhiteElo "2209"]
[BlackElo "2449"]
[Result "0-1"]
[Round "03"]
[TimeControl "180+2"]
[Date "2023.04.18"]
[WhiteClock "0:00:01"]
[BlackClock "0:00:43"]

1. Nf3 Nf6 2. c4 c6 3. g3 d5 4. Bg2 dxc4 5. O-O g6 6. Na3 b5 7. Ne5 Qb6 8. d3 cxd3 9. Be3 Qb7 10. Qxd3 Be6 11. Nxb5 Bg7 12. Rfc1 Nd5 13. Nxc6 Nxc6 14. Bxd5 Bxd5 15. Qxd5 Rc8 16. Nd4 Bxd4 17. Bxd4 O-O 18. Bc3 Rfd8 19. Qf3 Rd6 20. Be5 Re6 21. Bc3 Qd7 22. Rd1 Rd6 23. Rxd6 Qxd6 24. e3 Rd8 25. Kg2 e5 26. Rc1 h5 27. b3 a5 28. Bb2 Nb4 29. Ba3 Qd2 30. Rc7 Rf8 31. Bxb4 axb4 32. Qe4 Qxa2 33. Qxb4 Qa8+ 34. Kh3 Qf3 35. Qc4 Qxf2 36. Qc2 Qf1+ 0-1


[Site "https://www.chess.com"]

[Event "Titled Tuesday Blitz April 18 Early 2023"]
[White "Horak, Martin"]
[Black "Chirivi C, Jenny Astrid"]
[WhiteFideId "367095"]
[BlackFideId "4403061"]
[WhiteElo "2091"]
[BlackElo "2001"]
[Result "1-0"]
[Round "03"]
[TimeControl "180+2"]
[Date "2023.04.18"]
[WhiteClock "0:00:10"]
[BlackClock "0:00:19"]

1. e4 c5 2. Nf3 e6 3. d4 cxd4 4. Nxd4 a6 5. Bd3 Qc7 6. O-O Nf6 7. Nc3 d6 8. Qe2 g6 9. f4 Bg7 10. Bd2 O-O 11. Rae1 b5 12. Kh1 Nbd7 13. e5 dxe5 14. fxe5 Ne8 15. Bf4 Bb7 16. Qg4 Qc5 17. Nf3 Nc7 18. Ne4 Qb4 19. Qh4 Bxe4 20. Rxe4 Qxb2 21. Bh6 Nc5 22. Bxg7 Kxg7 23. Qf6+ Kg8 24. Rh4 Ne8 25. Qg5 f5 26. Qh6 Ra7 27. Ng5 Nxd3 28. Nxh7 Ng7 29. Qxg6 Nxe5 30. Qh6 Ng4 31. Rxg4 fxg4 32. Rxf8# 1-0


[Site "https://www.chess.com"]

[Event "Titled Tuesday Blitz April 18 Early 2023"]
[White "Broca Jimenez, Fernando"]
[Black "Bilan, Danila"]
[WhiteFideId "5104742"]
[BlackFideId "24161918"]
[WhiteElo "2062"]
[BlackElo "2182"]
[Result "0-1"]
[Round "03"]
[TimeControl "180+2"]
[Date "2023.04.18"]
[WhiteClock "0:00:05"]
[BlackClock "0:00:08"]

1. e4 c6 2. d4 d5 3. Nc3 dxe4 4. Nxe4 Bf5 5. Ng3 Bg6 6. h4 h6 7. h5 Bh7 8. Nf3 Nd7 9. Bd3 Bxd3 10. Qxd3 Qc7 11. Ne4 e6 12. Bd2 Ngf6 13. O-O-O Bd6 14. Nxd6+ Qxd6 15. Qe2 Qd5 16. Kb1 Qe4 17. Qxe4 Nxe4 18. Be3 b5 19. Ne5 Rc8 20. a3 Nb6 21. Rc1 f6 22. Ng6 Rg8 23. Rhe1 Nd6 24. Nf4 Kf7 25. Nd3 Nd5 26. Nc5 Rge8 27. Re2 Nf5 28. Rce1 Ndxe3 29. fxe3 Ng3 30. Rf2 Nxh5 31. e4 g5 32. e5 f5 33. Ne4 Kg6 34. Nd6 Rcd8 35. Nxe8 Rxe8 36. c4 Rd8 37. cxb5 cxb5 38. Rd2 Nf4 39. Rc1 Nd5 40. Rc6 Re8 41. Rc5 g4 42. Rxb5 h5 43. Ra5 h4 44. Rxa7 Rc8 45. Ra5 Kg5 46. b4 Nc3+ 47. Kb2 Ne4 48. Re2 Kf4 49. b5 Nc3 50. Rc2 Nd1+ 51. Kb3 Rxc2 52. Kxc2 Ne3+ 53. Kb3 Nxg2 54. b6 h3 55. b7 h2 56. b8=Q h1=Q 57. Ka4 Qd1+ 58. Kb5 Qb1+ 59. Kc6 Qxb8 60. Rb5 Qa8+ 61. Kb6 Qxa3 62. Kc6 0-1


[Site "https://www.chess.com"]

[Event "Titled Tuesday Blitz April 18 Early 2023"]
[White "Garv Gaur"]
[Black "Bashirli, Saadat"]
[WhiteFideId "45030839"]
[BlackFideId "13429990"]
[WhiteElo "2068"]
[BlackElo "1408"]
[Result "1-0"]
[Round "03"]
[TimeControl "180+2"]
[Date "2023.04.18"]
[WhiteClock "0:01:27"]
[BlackClock "0:00:01"]

1. Nf3 d5 2. c4 e6 3. g3 c6 4. Bg2 Nf6 5. O-O Be7 6. b3 Nbd7 7. Bb2 O-O 8. d3 b6 9. Nbd2 Bb7 10. Qc2 Rc8 11. a3 Qc7 12. e4 Qb8 13. Rfe1 Rfd8 14. Rad1 Nf8 15. d4 dxe4 16. Nxe4 Nxe4 17. Qxe4 c5 18. d5 Qa8 19. Qg4 f6 20. dxe6 Rxd1 21. Rxd1 Rd8 22. Re1 Qb8 23. Nh4 Bc8 24. Nf5 Ng6 25. Qxg6 1-0


[Site "https://www.chess.com"]

[Event "Titled Tuesday Blitz April 18 Early 2023"]
[White "Ljukin, Sergei"]
[Black "mrithyunjay"]
[WhiteFideId "14102200"]
[WhiteElo "2312"]
[BlackElo "2216"]
[Result "1-0"]
[Round "03"]
[TimeControl "180+2"]
[Date "2023.04.18"]
[WhiteClock "0:01:44"]
[BlackClock "0:01:22"]

1. e4 e5 2. Nf3 Nc6 3. Bb5 Nf6 4. Qe2 Bc5 5. c3 O-O 6. d3 Re8 7. Bg5 h6 8. Bh4 a6 9. Ba4 d5 10. Nbd2 d4 11. Nb3 Ba7 12. Bxc6 bxc6 13. cxd4 exd4 14. O-O g5 15. Bg3 Be6 16. Qc2 Rb8 17. Na5 Bd7 18. b3 c5 19. Nc4 Be6 20. Nfe5 Rb6 21. Nxb6 cxb6 22. f4 Bb8 23. Nc6 Qc8 24. Nxb8 g4 25. f5 1-0


[Site "https://www.chess.com"]

[Event "Titled Tuesday Blitz April 18 Early 2023"]
[White "Tuleyeva-Aketayeva, Dana"]
[Black "Gubajdullin, Alexei"]
[WhiteFideId "13701932"]
[BlackFideId "4141202"]
[WhiteElo "2030"]
[BlackElo "2279"]
[Result "0-1"]
[Round "03"]
[TimeControl "180+2"]
[Date "2023.04.18"]
[WhiteClock "0:01:03"]
[BlackClock "0:02:08"]

1. d4 Nf6 2. Nf3 g6 3. g3 Bg7 4. Bg2 O-O 5. O-O d6 6. c4 Nc6 7. Nc3 a6 8. Re1 Rb8 9. e4 Bg4 10. Be3 e5 11. dxe5 Nxe5 12. Bd4 Nfd7 13. Bxe5 Nxe5 14. Qe2 Qf6 15. Nxe5 Bxe2 16. Nd7 Qe7 17. Nxb8 Bxc4 18. Nd5 Bxd5 19. exd5 Qd8 20. Nxa6 bxa6 21. Rac1 Bxb2 22. Rc2 Bd4 23. Rd1 Qf6 24. Rcd2 Bc5 25. Bf1 Rb8 26. Bxa6 Rb2 27. Bc4 Bxf2+ 28. Kh1 Qf3# 0-1


[Site "https://www.chess.com"]

[Event "Titled Tuesday Blitz April 18 Early 2023"]
[White "Omelja, Artem"]
[Black "Faci, Fadil"]
[WhiteFideId "14119846"]
[BlackFideId "4645162"]
[WhiteElo "2404"]
[BlackElo "2151"]
[Result "1-0"]
[Round "03"]
[TimeControl "180+2"]
[Date "2023.04.18"]
[WhiteClock "0:01:49"]
[BlackClock "0:01:53"]

1. d4 Nf6 2. c4 g6 3. Nc3 d5 4. Bg5 c6 5. Bxf6 exf6 6. cxd5 cxd5 7. e3 Nc6 8. Be2 Bg7 9. Bf3 Be6 10. Nge2 Ne7 11. Qb3 O-O 12. O-O g5 13. g3 Re8 14. Rfc1 Qb6 15. Qxb6 axb6 16. Nb5 Ra5 17. Nec3 Rd8 18. b4 Raa8 19. a3 Nc6 20. Nc7 Rac8 21. N7xd5 Bxd5 22. Nxd5 1-0


[Site "https://www.chess.com"]

[Event "Titled Tuesday Blitz April 18 Early 2023"]
[White "Ardila, Oscar Humberto"]
[Black "Prado, Alexandra"]
[WhiteFideId "4404742"]
[BlackFideId "3301346"]
[WhiteElo "1918"]
[BlackElo "1759"]
[Result "1-0"]
[Round "03"]
[TimeControl "180+2"]
[Date "2023.04.18"]
[WhiteClock "0:00:47"]
[BlackClock "0:00:03"]

1. d4 Nf6 2. c4 g6 3. Nc3 Bg7 4. Nf3 O-O 5. e3 d6 6. Be2 Nc6 7. O-O e5 8. dxe5 dxe5 9. Qc2 Qe7 10. Nd5 Nxd5 11. cxd5 Nb4 12. Qb3 a5 13. Bd2 Bg4 14. a3 Bxf3 15. Bxf3 e4 16. Be2 Nxd5 17. Qxb7 Nb6 18. Rac1 Rfc8 19. b4 Rab8 20. Qc6 axb4 21. Bxb4 Qf6 22. Rfd1 Qxc6 23. Rxc6 Be5 24. Ba6 Rd8 25. Rcc1 Ra8 26. Bb5 Nd5 27. Bc6 Ne7 28. Bxa8 Rxa8 29. Bxe7 1-0


[Site "https://www.chess.com"]

[Event "Titled Tuesday Blitz April 18 Early 2023"]
[White "Hartikainen, Jarmo"]
[Black "Amilal Munkhdalai"]
[WhiteFideId "503134"]
[BlackFideId "4903250"]
[WhiteElo "2112"]
[BlackElo "2293"]
[Result "0-1"]
[Round "03"]
[TimeControl "180+2"]
[Date "2023.04.18"]
[WhiteClock "0:00:17"]
[BlackClock "0:02:23"]

1. e4 c5 2. c3 d5 3. exd5 Qxd5 4. d4 Nc6 5. Nf3 Bg4 6. Be2 e6 7. Na3 a6 8. h3 Bh5 9. Nc2 Nf6 10. Be3 cxd4 11. Ncxd4 Be7 12. O-O O-O 13. Nxc6 Qxc6 14. Nd4 Qd5 15. Bxh5 Qxh5 16. Qxh5 Nxh5 17. a4 Nf6 18. Bg5 h6 19. Bxf6 Bxf6 20. Rfd1 Rac8 21. Rac1 Rc4 22. b3 Rc7 23. c4 Rfc8 24. g3 h5 25. Kg2 h4 26. Ne2 hxg3 27. fxg3 g6 28. Nf4 b5 29. cxb5 Rxc1 0-1


[Site "https://www.chess.com"]

[Event "Titled Tuesday Blitz April 18 Early 2023"]
[White "Smiechu"]
[Black "Shuvalov, Evgenij"]
[BlackFideId "4187237"]
[WhiteElo "2346"]
[BlackElo "2080"]
[Result "1-0"]
[Round "03"]
[TimeControl "180+2"]
[Date "2023.04.18"]
[WhiteClock "0:00:19"]
[BlackClock "0:00:20"]

1. e4 e6 2. d4 d5 3. Bd3 c5 4. exd5 exd5 5. c3 Nc6 6. Ne2 cxd4 7. cxd4 Nf6 8. O-O Be7 9. Nbc3 O-O 10. Re1 Bg4 11. Be3 Re8 12. a3 Rc8 13. Rc1 Bh5 14. Bb1 Bg6 15. Bxg6 hxg6 16. Nf4 Na5 17. Nd3 Nc4 18. Qa4 a6 19. Qb3 b5 20. Ne5 Bd6 21. Nxc4 dxc4 22. Qc2 Bb8 23. Bg5 Qd6 24. g3 Qxd4 25. Rcd1 Qg4 26. Bxf6 gxf6 27. Nd5 Kg7 28. Nb6 Rcd8 29. Rxe8 Rxe8 30. Nd7 Ba7 31. Nxf6 Kxf6 32. Qc3+ Re5 33. Rd5 Kf5 34. Qxe5# 1-0


[Site "https://www.chess.com"]

[Event "Titled Tuesday Blitz April 18 Early 2023"]
[White "Havanecz, Bianka"]
[Black "Martin Duque, Jesus"]
[WhiteFideId "704814"]
[BlackFideId "2208954"]
[WhiteElo "2327"]
[BlackElo "2305"]
[Result "0-1"]
[Round "03"]
[TimeControl "180+2"]
[Date "2023.04.18"]
[WhiteClock "0:01:57"]
[BlackClock "0:02:32"]

1. d4 g6 2. c4 b6 3. Nc3 Bb7 4. e4 Bg7 5. Nf3 d6 6. Bd3 a6 7. O-O h6 8. Re1 Nd7 9. Bc2 e6 10. Bf4 Ne7 11. Bg3 g5 12. Qd2 Ng6 13. d5 g4 14. dxe6 fxe6 15. Nd4 Nde5 16. Nxe6 Qe7 17. Nxg7+ Qxg7 18. b3 h5 19. Nd5 h4 20. Bxe5 Nxe5 21. Rad1 Nf3+ 22. Kh1 Nxd2 23. Rxd2 O-O-O 24. b4 Rhe8 25. a4 Kb8 26. a5 b5 27. cxb5 axb5 28. Rc1 Qb2 29. Rdd1 Bxd5 30. exd5 Re2 31. Bd3 Rxf2 0-1


[Site "https://www.chess.com"]

[Event "Titled Tuesday Blitz April 18 Early 2023"]
[White "Karthik Sai Ch"]
[Black "Hajiyev, Kanan"]
[WhiteFideId "46649484"]
[BlackFideId "13404148"]
[WhiteElo "2003"]
[BlackElo "2103"]
[Result "0-1"]
[Round "03"]
[TimeControl "180+2"]
[Date "2023.04.18"]
[WhiteClock "0:01:46"]
[BlackClock "0:01:23"]

1. d4 Nf6 2. Nf3 e6 3. e3 c5 4. Bd3 b6 5. O-O Bb7 6. Nbd2 Be7 7. b3 cxd4 8. exd4 O-O 9. Bb2 d6 10. Qe2 Nbd7 11. a4 a6 12. c4 Qc7 13. a5 b5 14. cxb5 axb5 15. Bxb5 Rxa5 16. Ba4 Ba6 17. Rac1 Qxc1 18. Qxa6 Qxd2 0-1


[Site "https://www.chess.com"]

[Event "Titled Tuesday Blitz April 18 Early 2023"]
[White "Lorenzo De La Riva, Lazaro"]
[Black "Itkis, Boris"]
[WhiteFideId "2268809"]
[BlackFideId "1209167"]
[WhiteElo "2294"]
[BlackElo "2216"]
[Result "1-0"]
[Round "03"]
[TimeControl "180+2"]
[Date "2023.04.18"]
[WhiteClock "0:00:20"]
[BlackClock "0:00:01"]

1. e4 c5 2. Nc3 Nc6 3. Bb5 g6 4. Bxc6 dxc6 5. d3 e5 6. Be3 Qe7 7. Qd2 Bg7 8. f4 h5 9. Nf3 exf4 10. Bxf4 Nf6 11. O-O O-O 12. Bh6 Bg4 13. Bxg7 Kxg7 14. h3 Bxf3 15. Rxf3 Nd7 16. Raf1 Ne5 17. R3f2 Rad8 18. b3 Qd6 19. Ne2 b5 20. Qg5 f6 21. Qg3 Kh7 22. Qh4 Kg7 23. Nf4 Rd7 24. Qg3 Kh7 25. Ne2 Qc7 26. Kh1 Rdf7 27. Qe3 Qd6 28. Nf4 c4 29. d4 Nd7 30. c3 a5 31. bxc4 bxc4 32. Qe2 Re8 33. Nxh5 gxh5 34. Qxh5+ Kg8 35. e5 Nxe5 36. dxe5 Rxe5 37. Qg4+ Kf8 38. Qxc4 Qd5 39. Qa6 Qb5 40. Qc8+ Kg7 41. Rf3 Rg5 42. Qd8 Qe2 43. R1f2 Qe1+ 44. Kh2 Qe5+ 45. Rf4 Re7 46. g3 Qe3 47. R4f3 Qe5 48. Qc8 Rc7 49. Qb8 Rf7 50. Qb6 Qe6 51. Qd4 Qe5 52. Qd2 Qd5 53. Qc1 Qe5 54. h4 Rg6 55. Kh3 Qe6+ 56. Kh2 Qe5 57. Rf4 Rd7 58. Qf1 Qe6 59. Re2 1-0


[Site "https://www.chess.com"]

[Event "Titled Tuesday Blitz April 18 Early 2023"]
[White "Pourkashiyan, Atousa"]
[Black "Gil Alba, Hector Luis"]
[WhiteFideId "12502014"]
[BlackFideId "3504670"]
[WhiteElo "2228"]
[BlackElo "2331"]
[Result "0-1"]
[Round "03"]
[TimeControl "180+2"]
[Date "2023.04.18"]
[WhiteClock "0:00:32"]
[BlackClock "0:00:13"]

1. e4 e5 2. Nf3 Nc6 3. Bb5 Bc5 4. c3 Nge7 5. d4 exd4 6. cxd4 Bb4+ 7. Nc3 d5 8. exd5 Nxd5 9. O-O Bxc3 10. bxc3 O-O 11. Bd3 Bg4 12. Bd2 Qf6 13. Be4 Nf4 14. Qc2 h6 15. Bxc6 bxc6 16. Ne5 Bf5 17. Qa4 Nd3 18. Qxc6 Nxe5 19. Qxf6 gxf6 20. dxe5 fxe5 21. Bxh6 Rfd8 22. Rfe1 f6 23. Rad1 Kf7 24. Be3 a5 25. h3 Be6 26. a3 a4 27. f4 exf4 28. Bxf4 c6 29. Bd6 Bb3 30. Re7+ Kg6 31. Rd4 Re8 32. Rg4+ Kf5 33. Rf4+ Kg6 34. g4 Rad8 35. Rxe8 Rxe8 36. h4 Re3 37. Bb4 Rh3 38. Kg2 Rxh4 39. Be7 Rh7 40. Rxf6+ Kg7 41. Rxc6 Bd5+ 42. Kg3 Bxc6 43. Bd6 Kf7 44. Be5 Ke6 45. Bd4 Rd7 46. Kf4 Rd5 47. g5 Kf7 48. g6+ Kxg6 49. Ke4 Kf7 50. Kd3 Ke6 51. c4 Rf5 52. Kc3 Rf3+ 53. Kb4 Rb3+ 54. Kc5 Kd7 0-1


[Site "https://www.chess.com"]

[Event "Titled Tuesday Blitz April 18 Early 2023"]
[White "Makhmudov, Shukhrat"]
[Black "Ramirez Vido, Robert Yorisan"]
[WhiteFideId "14200775"]
[BlackFideId "3513823"]
[WhiteElo "2135"]
[BlackElo "2459"]
[Result "1-0"]
[Round "03"]
[TimeControl "180+2"]
[Date "2023.04.18"]
[WhiteClock "0:01:14"]
[BlackClock "0:00:02"]

1. e4 d6 2. d4 Nf6 3. Nc3 g6 4. Bg5 Bg7 5. Qd2 c6 6. f3 b5 7. a3 Nbd7 8. d5 cxd5 9. Nxd5 a6 10. Nxf6+ Bxf6 11. Bxf6 Nxf6 12. Bd3 O-O 13. Qh6 d5 14. e5 Nd7 15. Nh3 Re8 16. e6 Nf8 17. exf7+ Kxf7 18. Ng5+ Kg8 19. Nxh7 Nxh7 20. Qxg6+ Kf8 21. Qh6+ Kf7 22. Qxh7+ Ke6 23. O-O-O Kd6 24. Qh4 e6 25. Qb4+ Kc6 26. h4 Qb6 27. h5 a5 28. Qf4 Kb7 29. h6 e5 30. Qf7+ Ka6 31. Qxe8 1-0


[Site "https://www.chess.com"]

[Event "Titled Tuesday Blitz April 18 Early 2023"]
[White "Prieto Aranguren, Alain"]
[Black "Gatterer, Florian"]
[WhiteFideId "2268906"]
[BlackFideId "811688"]
[WhiteElo "2209"]
[BlackElo "2221"]
[Result "1-0"]
[Round "03"]
[TimeControl "180+2"]
[Date "2023.04.18"]
[WhiteClock "0:00:12"]
[BlackClock "0:00:03"]

1. d4 Nf6 2. c4 g6 3. Nc3 d5 4. Nf3 Bg7 5. Qb3 dxc4 6. Qxc4 Be6 7. Qb5+ Bd7 8. Qb3 c5 9. d5 b5 10. Nxb5 O-O 11. Nc3 Na6 12. e4 Rb8 13. Qd1 Qa5 14. Bd2 Nc7 15. Nb5 Qb6 16. Nxc7 Qxc7 17. Qc2 Nxe4 18. Qxe4 Rxb2 19. Rd1 Bf5 20. Qc4 Rc2 21. Qa4 c4 22. Be2 c3 23. Be3 Rb8 24. Nd4 Bxd4 25. Bxd4 Rxe2+ 26. Kxe2 c2 27. Rc1 Qf4 28. Rhe1 Qg4+ 29. Kf1 h5 30. h3 Qf4 31. Kg1 Rb1 32. Qe8+ Kh7 33. Qh8# 1-0


[Site "https://www.chess.com"]

[Event "Titled Tuesday Blitz April 18 Early 2023"]
[White "Thomas, Anysia"]
[Black "Tworuszka, Michal"]
[WhiteFideId "670472"]
[BlackFideId "1117858"]
[WhiteElo "2091"]
[BlackElo "2443"]
[Result "1/2-1/2"]
[Round "03"]
[TimeControl "180+2"]
[Date "2023.04.18"]
[WhiteClock "0:00:16"]
[BlackClock "0:00:04"]

1. d4 Nf6 2. c4 e6 3. Nf3 b6 4. g3 Ba6 5. Nbd2 c6 6. Bg2 d5 7. Qc2 Nbd7 8. O-O Bd6 9. b3 O-O 10. Bb2 Rc8 11. e4 dxe4 12. Nxe4 Nxe4 13. Qxe4 Nf6 14. Qe2 c5 15. Rad1 Qe7 16. Rfe1 Rfe8 17. Ne5 Bb7 18. dxc5 Bxc5 19. Ng4 Nxg4 20. Qxg4 f5 21. Qe2 Bxg2 22. Kxg2 Qb7+ 23. Kg1 Qf7 24. Qe5 Qc7 25. Qc3 Qf7 26. Qe5 Qc7 27. Qc3 Qf7 28. Qe5 1/2-1/2


[Site "https://www.chess.com"]

[Event "Titled Tuesday Blitz April 18 Early 2023"]
[White "Federzoni, Enzo"]
[Black "dDobravcan"]
[WhiteFideId "2173301"]
[WhiteElo "2039"]
[BlackElo "2164"]
[Result "1-0"]
[Round "03"]
[TimeControl "180+2"]
[Date "2023.04.18"]
[WhiteClock "0:02:23"]
[BlackClock "0:00:03"]

1. Nf3 d6 2. e4 Nf6 3. Nc3 c6 4. d4 Bg4 5. Bc4 e6 6. O-O d5 7. exd5 cxd5 8. Bb5+ Nc6 9. h3 Bxf3 10. Qxf3 Qb6 11. Be3 a6 12. Bxc6+ Qxc6 13. a4 Bd6 14. Bg5 Nd7 15. Rfe1 O-O 16. Qg4 Kh8 17. Re3 f5 18. Qe2 f4 19. Rxe6 f3 20. gxf3 h6 21. Be7 Rf5 22. Bxd6 Rg5+ 23. Bg3 1-0


[Site "https://www.chess.com"]

[Event "Titled Tuesday Blitz April 18 Early 2023"]
[White "littlepillow2010"]
[Black "hsd2016"]
[WhiteElo "2424"]
[BlackElo "2163"]
[Result "1-0"]
[Round "03"]
[TimeControl "180+2"]
[Date "2023.04.18"]
[WhiteClock "0:00:14"]
[BlackClock "0:00:01"]

1. e4 e5 2. Nf3 Nc6 3. Bb5 a6 4. Ba4 Nf6 5. O-O Be7 6. Re1 b5 7. Bb3 O-O 8. c3 d5 9. exd5 Nxd5 10. Nxe5 Nxe5 11. Rxe5 c6 12. Re1 Bd6 13. g3 Be6 14. d4 Qd7 15. Nd2 Rae8 16. Ne4 Bf5 17. Nxd6 Qxd6 18. Bd2 Qg6 19. Rxe8 Rxe8 20. Qf1 Bd3 21. Qg2 Re2 22. Re1 Qe6 23. Rxe2 Qxe2 24. f4 Qh5 25. g4 Qg6 26. f5 Qd6 27. Qf3 Bb1 28. Qd1 Be4 29. Qe2 Bd3 30. Qxd3 1-0


[Site "https://www.chess.com"]